 Dungeon Crawl Stone Soup version 0.31.0-9-g3a7656b989 (webtiles) character file.

Game seed: 18321823371665419497

107 qw the Shooter (level 4, -1/36 HPs)
             Began as a Demigod Hunter on Feb 2, 2024.
             Slain by a gnoll
             ... wielding a +0 spear
              (4 damage)
             ... on level 3 of the Dungeon.
             The game lasted 00:00:08 (2029 turns).

qw the Shooter (Demigod Hunter)                     Turns: 2029, Time: 00:00:08

Health: -1/36      AC:  4    Str: 12    XL:     4   Next: 31%
Magic:  6/6        EV: 12    Int: 11    God:
Gold:   179        SH:  0    Dex: 21    Spells: 3/3 levels left

rFire   . . .        a - +0 shortbow (drain)
rCold   . . .        (shield currently unavailable)
rNeg    . . .        c - +0 leather armour
rPois   .            (no helmet)
rElec   .            (no cloak)
rCorr   .            (no gloves)
SInv    .            f - +0 pair of boots
Will    .....        k - amulet of regeneration
Stlth   ++           (no ring)
HPRegen 1.06/turn    (no ring)
MPRegen 0.10/turn

%: no passive effects
@: lethally poisoned (-1 -> -2)
A: high MP 1, forlorn, divine attributes
a: no special abilities


You were on level 3 of the Dungeon.
You visited 1 branch of the dungeon, and saw 3 of its levels.

You collected 179 gold pieces.


Innate Abilities, Weirdness & Mutations

You have an increased reservoir of magic. (+10% MP)
You shall have no god before yourself.
Your divine heritage dramatically boosts your attributes as you level up.


   Skills:
 - Level 2.0 Fighting
 + Level 5.3 Ranged Weapons
 - Level 2.0 Dodging
 - Level 0.8 Stealth


You had 3 spell levels left.
You didn't know any spells.
Your spell library was empty.

Inventory:

Hand Weapons
 a - a +0 shortbow of draining (weapon)
Armour
 c - a +0 leather armour (worn)
 f - a +0 pair of boots (worn)
 h - a +0 ring mail
Jewellery
 k - an amulet of regeneration (around neck)
Scrolls
 e - a scroll of blinking {unknown}
 g - a scroll of amnesia {unknown}
Potions
 b - 2 potions of enlightenment {unknown}
 i - a potion of haste
 j - a potion of berserk rage {unknown}

Dungeon Overview and Level Annotations

Branches:
Dungeon (3/15)

Annotations:
D:3 Ijyb


Message History

The adder bites you.
You shoot an arrow. The arrow closely misses Ijyb.
The frilled lizard closely misses you.
Ijyb screams, "Get away!"
Ijyb completely misses you.
The gnoll hits you from afar with a +0 spear.
The adder closely misses you.
You shoot an arrow. The arrow hits Ijyb but does no damage.
Ijyb is moderately wounded.
The adder bites you.
You are poisoned.
The adder poisons you! The frilled lizard barely misses you.
Ijyb hits you with a +0 club.
The gnoll hits you from afar with a +0 spear.
The adder bites you. Ijyb hits you with a +0 club.
The frilled lizard closely misses you. The gnoll closely misses you.
You shoot an arrow. The arrow closely misses Ijyb.
You feel sick. The adder bites you.
You are more poisoned.
The adder poisons you! Ijyb misses you. The frilled lizard bites you.
The gnoll hits you from afar with a +0 spear.
You shoot an arrow. The arrow barely misses Ijyb.
You feel sick. The adder barely misses you.
The frilled lizard bites you but does no damage.
Ijyb closely misses you. The gnoll hits you but does no damage.
The adder barely misses you.
You shoot an arrow. The arrow hits Ijyb but does no damage.
Ijyb is moderately wounded.
You feel sick. The adder bites you but does no damage.
The frilled lizard closely misses you. Ijyb hits you with a +0 club.
The gnoll hits you from afar with a +0 spear.
You shoot an arrow. The arrow completely misses Ijyb.
You feel sick. The adder barely misses you.
The frilled lizard barely misses you. Ijyb hits you with a +0 club.
The gnoll misses you. The adder bites you but does no damage.
You shoot an arrow. The arrow hits Ijyb.
Ijyb is heavily wounded.
You feel sick. The frilled lizard misses you. Ijyb closely misses you.
The gnoll hits you from afar with a +0 spear.
You die...

.......>..#....##....###.....
...>.....).#.....#.#.%##.....
..<........####....##........
...........# ##..####...)....
#..........###%.......#......
##.......<...................
##.......>........##...%....
.....#gS........###.... ?...
#@...##........... ...
#l.#..............
...g.g./...##.#.####...
.......###.# .#........
.....#.. ... ......#.
g....... #.#.######...
........ .# # ###. ######.!.
## ## #


You could see Ijyb (very drained), a gnoll, an adder and a frilled lizard.

Vanquished Creatures
  3 gnolls (D:3)
  2 adders (D:3)
  A dart slug (D:3)
  An orc (D:2)
  4 ball pythons
  5 endoplasms
  5 giant cockroaches
  5 goblins
  2 hobgoblins
  5 quokkas
  4 bats
  3 frilled lizards
  10 kobolds
  3 rats (D:1)
53 creatures vanquished.

Notes
Turn   | Place    | Note
-------+----------+-------------------------------------------
     0 | D:1      | qw the Demigod Hunter began the quest for the Orb.
     0 | D:1      | Reached XP level 1. HP: 17/17 MP: 3/3
     0 | D:1      | 0 ||| qw: Version: 0.3-a-155-g5e7d8dd
     0 | D:1      | 0 ||| qw: Game counter: 383
     0 | D:1      | 0 ||| qw: Melee chars always use a shield: true
     0 | D:1      | 0 ||| qw: God list: Okawaru
     0 | D:1      | 0 ||| qw: Allow faded altars: false
     0 | D:1      | 0 ||| qw: Do Orc after clearing Dungeon:15 true
     0 | D:1      | 0 ||| qw: Do second Lair branch before Depths: true
     0 | D:1      | 0 ||| qw: Lair rune preference: random
     0 | D:1      | 0 ||| qw: Goals: Normal
     0 | D:1      | 0 ||| PLANNING D:1-11
   103 | D:1      | Reached skill level 4 in Ranged Weapons
   153 | D:1      | Reached XP level 2. HP: 24/24 MP: 4/4
   980 | D:1      | 980 ||| DROPPING ring of magical power.
   981 | D:1      | 981 ||| READING scroll labelled OCEUPL GANO.
   981 | D:1      | 981 ||| BRANDING +0 shortbow.
   982 | D:1      | 982 ||| READING 2 scrolls labelled VOAH JUGUER.
   982 | D:1      | 982 ||| IDENTIFYING golden potion
   983 | D:1      | 983 ||| READING scroll of identify.
   983 | D:1      | 983 ||| IDENTIFYING black potion
   984 | D:1      | 984 ||| DROPPING scroll of butterflies.
   985 | D:1      | 985 ||| DROPPING potion of attraction.
  1065 | D:2      | Reached XP level 3. HP: 29/29 MP: 5/5
  1578 | D:2      | 1578 ||| UPGRADING to +0 pair of boots.
  1583 | D:2      | 1583 ||| UPGRADING to amulet of regeneration.
  1588 | D:2      | 1588 ||| READING 2 scrolls labelled JOWEING OTZYNK.
  1689 | D:2      | 1689 ||| READING scroll labelled FES BAIDEDIY.
  1690 | D:2      | 1690 ||| READING scroll labelled JOSMIOSCHECELA.
  1791 | D:2      | 1791 ||| READING scroll labelled ISERACHAUD.
  1804 | D:2      | 1804 ||| DRINKING 2 glowing black potions.
  1805 | D:2      | 1805 ||| DROPPING scroll of silence.
  1848 | D:3      | Identified the +8 spear of Viduc {flame, Stlth+}
  1902 | D:3      | Reached skill level 5 in Ranged Weapons
  1988 | D:3      | 1988 ||| RETREEEEATING.
  1989 | D:3      | 1989 ||| RETREEEEATING.
  1993 | D:3      | Reached XP level 4. HP: 34/36 MP: 6/6
  2006 | D:3      | HP: 7/36 [gnoll/+0 flail (7)]
  2007 | D:3      | 2007 ||| DRINKING 3 potions of heal wounds.
  2015 | D:3      | HP: 9/36 [adder (2)]
  2016 | D:3      | 2016 ||| DRINKING 2 potions of heal wounds.
  2017 | D:3      | Noticed Ijyb
  2020 | D:3      | 2020 ||| DRINKING potion of heal wounds.
  2027 | D:3      | HP: 6/36 [Ijyb/+0 club (6)]
  2029 | D:3      | Slain by a gnoll

Levels and vault maps discovered:
D:1:      wheals_arrival_linesprint, layout_loops_ring
D:2:      layout_basic
D:3:      layout_rooms, hellmonk_ecumenical_altar_prayer_group, uniq_natasha,
          uniq_ijyb

Skill      XL: |  1  2  3 |
---------------+----------+-----
Ranged Weapons | 4 5 |  5.3
Fighting       | 2 |  2.0
Dodging        | 2 |  2.0
Stealth        | |  0.8

Action                     |  1- 3 |  4- 6 || total
---------------------------+-------+-------++-------
   Fire: Shortbow          |   142 |    34 ||   176
    Use: Scroll            |     7 |       ||     7
         Potion            |     1 |     3 ||     4
 Armour: Leather armour    |    19 |    60 ||    79
  Dodge: Dodged            |    36 |    60 ||    96

Table legend:
 A = Non-vault XP
 B = Vault XP
 C = Vault XP percentage of total XP
 D = Non-vault monster count
 E = Vault monster count
 F = Vault count percentage of total count
                 A         B        C        D         E       F
            +---------+---------+-------+---------+---------+-------
      Total |     153 |       0 |   0.0 |      53 |       0 |   0.0
            +---------+---------+-------+---------+---------+-------
        D:1 |      43 |       0 |   0.0 |      26 |       0 |   0.0
        D:2 |      17 |       0 |   0.0 |      11 |       0 |   0.0
        D:3 |      93 |       0 |   0.0 |      16 |       0 |   0.0
            +---------+---------+-------+---------+---------+-------
